 Dungeon Crawl Stone Soup version 0.30-b1-2-g02819fbbbe (webtiles) character file.

Game seed: 8187601854893936801

515 Arcadio the Covered (level 7, -2/62 HPs)
             Began as a Meteoran Fighter on May 15, 2023.
             Was an Initiate of Nemelex Xobeh.
             Slain by a human zombie (4 damage)
             ... in an ossuary.
             The game lasted 00:09:33 (2048 turns).

Arcadio the Covered (Meteoran Fighter)              Turns: 2048, Time: 00:09:34

Health: -2/62      AC:  8    Str: 19    XL:     7   Next: 72%
Magic:  8/8        EV:  9    Int: 11    God:    Nemelex Xobeh [......]
Gold:   187        SH:  5    Dex: 13    Spells: 6/6 levels left

rFire   . . .        s - +4 mace
rCold   . . .        c - +0 buckler
rNeg    . . .        b - +0 scale mail
rPois   .            q - +0 helmet
rElec   .            (no cloak)
rCorr   .            (no gloves)
SInv    .            (no boots)
Will    .....        (no amulet) Stlth
                     (no ring)
HPRegen 0.30/turn    (no ring)
MPRegen 0.11/turn

%: no passive effects
@: marked, glowing
A: sense surroundings 1, otherworldly, glowing, explore regen
a: Renounce Religion, Draw Escape, Draw Destruction, Draw Summoning


You were in an ossuary.
You worshipped Nemelex Xobeh.
Nemelex Xobeh was noncommittal.
You visited 2 branches of the dungeon, and saw 5 of its levels.
You visited the Abyss 1 time.
You also visited: Ossuary.

You collected 187 gold pieces.

Inventory:

Hand Weapons
 a - a +0 flail
 k - a +1 dagger of distortion
 o - a +2 war axe of electrocution
 s - a +4 mace (weapon)
Armour
 b - a +0 scale mail (worn)
 c - a +0 buckler (worn)
 q - a +0 helmet (worn)
Scrolls
 e - 2 scrolls of teleportation
 j - a scroll of fear
 r - a scroll of identify
 t - a scroll of magic mapping {unknown}
Potions
 d - a potion of might
 f - 2 potions of curing {unknown}
 g - 2 potions of haste
 h - 2 potions of magic {unknown}
 i - a potion of mutation {unknown}
 l - a potion of invisibility {unknown}
 m - a potion of brilliance {unknown}
 n - a potion of ambrosia {unknown}
 p - a potion of heal wounds {unknown}
 u - a potion of attraction {unknown}


   Skills:
 + Level 5.7 Fighting
 + Level 6.1 Maces & Flails
 + Level 6.2 Armour
 - Level 3.6 Shields


You had 6 spell levels left.
You didn't know any spells.
Your spell library contained the following spells:

 Spells                   Type           Power      Damage    Failure   Level
 Inner Flame              Hex/Fire       0%         N/A       98%         3
 Cause Fear               Hex            0%         N/A       100%        4
 Yara's Violent Unravell  Hex/Tmut       0%         3d3       100%        5
 Dragon Form              Tmut           0%         N/A       100%        7
 Enfeeble                 Hex            0%         N/A       100%        7
 Dragon's Call            Summ           0%         N/A       100%        9


Dungeon Overview and Level Annotations

Branches:
Dungeon (4/15) Zot: 577    Temple (1/1) D:4 Zot: 541 Ossuary (1/1) Zot: 457

Altars:
Cheibriados
Dithmenos
Elyvilon
Fedhas
Kikubaaqudgha
Nemelex Xobeh
Okawaru
Ru
Vehumet
Wu Jian
Yredelemnul
Zin
The Shining One


Innate Abilities, Weirdness & Mutations

You passively map a small area around you.
You are easily found by Zot.
You glow in the dark.
You regain HP and MP as you explore.


Message History

You hit the human zombie.
The human zombie is heavily damaged.
You block the centaur zombie's attack.
The centaur zombie kicks you but does no damage.
The human zombie hits you but does no damage.
You barely miss the human zombie.
The human zombie is heavily damaged.
The centaur zombie hits you but does no damage.
The centaur zombie kicks you but does no damage.
The human zombie hits you but does no damage.
You barely miss the human zombie.
The human zombie is heavily damaged.
The mummy hits you! The human zombie hits you.
You hit the mummy.
The mummy is lightly damaged.
The mummy hits you! You block the human zombie's attack.
You barely miss the mummy.
The mummy is lightly damaged.
You block the mummy's attack.
The hobgoblin zombie hits you but does no damage.
The mummy completely misses you. You block the human zombie's attack.
You barely miss the mummy.
The mummy is lightly damaged.
The mummy hits you!
The hobgoblin zombie closely misses you.
You barely miss the mummy.
The mummy is lightly damaged.
The human zombie hits you. The mummy hits you!
You sock the human zombie!
The human zombie is severely damaged.
The hobgoblin zombie barely misses you. You block the human zombie's attack.
The mummy hits you. The mummy hits you!
* * * LOW HITPOINT WARNING * * *
Unknown command.
You sock the human zombie!
The human zombie is almost destroyed.
The hobgoblin zombie hits you but does no damage.
The human zombie hits you.
You die...
Your body disappears without additional glow.

#...##############...#
#...# ,, ...#..,#...#
#...# *#...#. #...#
#...#,,,,....'####...#
#...# ***#.∩.....#...#
#...# #Z......#...#
#...# #ZZ.....#...#
#...#Z####MZ.....#...#
#...#ZZZZ@MZZ....#...#
#...#Z####Z^####.#...#
#...#, #^.# #...#
#...#,, ,#.^# #...#
#...######.^######...#
#....................#
#........8..8........#
#....................#
#....................#


You could see 2 mummies, 4 hobgoblin zombies, a kobold zombie, 2 orc zombies, 2
elf zombies, 2 centaur zombies and 2 human zombies.

Vanquished Creatures
  An elf zombie (D:4)
  2 elf skeletons (D:4)
  A centaur zombie (Ossuary)
  A human zombie (D:4)
  A quasit (Abyss:1)
  An orc priest (D:3)
  2 human skeletons (D:4)
  An orc wizard (D:3)
  3 adders
  7 orcs
  5 bats
  9 endoplasms
  A giant cockroach (D:1)
  6 goblins
  9 hobgoblins
  4 jackals (D:1)
  2 quokkas (D:1)
  13 ball pythons
  A frilled lizard (D:1)
  8 hobgoblin zombies (Ossuary)
  3 kobolds
  5 kobold zombies (Ossuary)
  7 orc zombies (Ossuary)
  6 rats
99 creatures vanquished.

Notes
Turn   | Place    | Note
-------+----------+-------------------------------------------
     0 | D:1      | Arcadio the Meteoran Fighter began the quest for the Orb.
     0 | D:1      | Reached XP level 1. HP: 19/19 MP: 2/2
    73 | D:2      | Reached XP level 2. HP: 26/26 MP: 3/3
   182 | D:1      | Reached XP level 3. HP: 31/31 MP: 4/4
   362 | Abyss:1  | Cast into level 1 of the Abyss (kobold)
   434 | Abyss:1  | Reached XP level 4. HP: 39/40 MP: 5/5
   443 | D:1      | Escaped the Abyss
   837 | D:2      | Reached XP level 5. HP: 46/46 MP: 6/6
  1404 | D:3      | Reached skill level 5 in Armour
  1406 | D:3      | Reached XP level 6. HP: 14/53 MP: 7/7
  1610 | D:4      | Found a staircase to the Ecumenical Temple.
  1616 | Temple   | Entered the Ecumenical Temple
  1660 | Temple   | Became a worshipper of Nemelex Xobeh the Trickster
  1816 | D:4      | Reached skill level 5 in Maces & Flails
  1848 | D:4      | Reached skill level 5 in Fighting
  1869 | D:4      | Reached XP level 7. HP: 9/61 MP: 8/8
  1887 | D:4      | HP: 2/61 [elf skeleton (5)]
  1897 | D:4      | Found a sand-covered staircase.
  1914 | Ossuary  | Entered an ossuary
  2047 | Ossuary  | HP: 1/62 [mummy (13)]
  2048 | Ossuary  | Slain by a human zombie

Illustrated notes

Levels and vault maps discovered:
D:1:      amcnicky_arrival_flooded_fountain, layout_rooms
D:2:      layout_basic
D:3:      layout_basic, chequers_garden
D:4:      kennysheep_spiral_hall, layout_cave_pools, minmay_temple_entry_wispy,
          nicolae_ossuary_entry_catacombs
Temple:   nicolae_temple_god_jail
Ossuary:  ossuary_tomb_1

Skill      XL: |  1  2  3  4  5  6  7 |
---------------+----------------------+-----
Maces & Flails | 3 4 5 6 |  6.1
Armour         | 4 5 6 |  6.2
Fighting       | 4 5 |  5.7
Shields        | |  3.6

Action                     |  1- 3 |  4- 6 |  7- 9 || total
---------------------------+-------+-------+-------++-------
  Melee: Flail             |    97 |    44 |       ||   141
         War axe           |       |    34 |       ||    34
         Mace              |       |    62 |    88 ||   150
    Use: Scroll            |       |     2 |       ||     2
         Potion            |       |     1 |       ||     1
 Armour: Scale mail        |    44 |    89 |    35 ||   168
  Dodge: Dodged            |    39 |    39 |    19 ||    97
  Block: Buckler           |    32 |    29 |    18 ||    79
